 Dungeon Crawl Stone Soup version 0.23.2-33-g5129a83184 (webtiles) character file.

Game seed: 5853839962559652176

76 ANON1729 the Chopper (level 4, -1/34 HPs)
             Began as a Demonspawn Gladiator on Aug 11, 2019.
             Slain by a hobgoblin (2 damage)
             ... on level 2 of the Dungeon.
             The game lasted 00:02:24 (1250 turns).

ANON1729 the Chopper (Demonspawn Gladiator)         Turns: 1250, Time: 00:02:24

Health: -1/34      AC:  3    Str: 15    XL:     4   Next: 12%
Magic:  4/4        EV: 13    Int:  9    God:
Gold:   33         SH:  0    Dex: 15    Spells: 3/3 levels left

rFire    . . .     SeeInvis .   a - +0 war axe
rCold    . . .     Gourm    .   (no shield)
rNeg     . . .     Faith    .   b - +0 leather armour
rPois    .         Spirit   .   (helmet restricted)
rElec    .         Reflect  .   (no cloak)
rCorr    +         Harm     .   (no gloves)
MR       .....                  (no boots)
Stlth    +.........             (no amulet)
HPRegen  0.11/turn              i - ring of resist corrosion
MPRegen  0.09/turn              (no ring)

@: no status effects
A: horns 2
a: no special abilities


You were on level 2 of the Dungeon.
You were very hungry.

You visited 1 branch of the dungeon, and saw 3 of its levels.

You collected 33 gold pieces.

Inventory:

Hand Weapons
 a - a +0 war axe (weapon)
Missiles
 d - 3 throwing nets (quivered)
Armour
 b - a +0 leather armour (worn)
 c - a +0 helmet
Jewellery
 i - a ring of resist corrosion (left hand)
Scrolls
 e - a scroll of teleportation {unknown}
 g - 2 scrolls of magic mapping {unknown}
 h - 2 scrolls of remove curse {unknown}
 k - a scroll of noise {unknown}
 l - a scroll of identify {unknown}
Potions
 j - a potion of curing
Comestibles
 f - 3 rations


   Skills:
 + Level 2.7 Fighting
 * Level 3.4 Axes
 - Level 2.0 Throwing
 + Level 1.0 Armour
 + Level 3.2 Dodging


You had 3 spell levels left.
You didn't know any spells.
Your spell library was empty.

Dungeon Overview and Level Annotations

Branches:
Dungeon (3/15)

Altars:


Innate Abilities, Weirdness & Mutations

You have a pair of horns on your head.


Message History

You see here a stone.
The hobgoblin throws a stone.
The stone hits you.
* * * LOW HITPOINT WARNING * * *
You see here a stone.
The hobgoblin closely misses you.
You hit the hobgoblin but do no damage. Your headbutt misses the hobgoblin.
The hobgoblin hits you.
* * * LOW HITPOINT WARNING * * *
The hobgoblin closely misses you.
You closely miss the hobgoblin.
You headbutt the hobgoblin, but do no damage.
The hobgoblin hits you.
* * * LOW HITPOINT WARNING * * *
You hit the hobgoblin.
The hobgoblin is heavily wounded.
The hobgoblin misses you.
You closely miss the hobgoblin.
The hobgoblin is heavily wounded.
The hobgoblin misses you. The hobgoblin hits you.
You die...

####.########............
#<(..# #......>.....
################.........
###>(.......##########.##
#..(..........((..)..#...
#..(.(.).......(.........
#.....(..............###.
#......(.##.#..####### .
#.......@##....# .
#.......g###.÷(#
#....(.......÷)#
#.......####...#
######### #...#
#####S..## .........#
.........## [.........g#


You could see a hobgoblin.

Vanquished Creatures
  3 adders (D:2)
  A worm (D:2)
  2 dart slugs (D:1)
  2 leopard geckos (D:1)
  2 giant cockroaches (D:1)
  5 hobgoblins
  4 jackals (D:1)
  6 kobolds
  2 bats
  2 frilled lizards (D:1)
  5 goblins
  7 rats (D:1)
41 creatures vanquished.

Notes
Turn   | Place    | Note
-------+----------+-------------------------------------------
     0 | D:1      | ANON1729 the Demonspawn Gladiator began the quest for the
                  | Orb.
     0 | D:1      | Reached XP level 1. HP: 16/16 MP: 1/1
    37 | D:1      | Gained mutation: You have a pair of small horns on your
                  | head. [demonic ancestry]
    37 | D:1      | Reached XP level 2. HP: 8/22 MP: 2/2
   475 | D:1      | Reached XP level 3. HP: 28/28 MP: 3/3
  1228 | D:2      | Reached skill level 1 in Armour
  1228 | D:2      | Gained mutation: You have a pair of horns on your head.
                  | [demonic ancestry]
  1228 | D:2      | Reached XP level 4. HP: 11/34 MP: 4/4
  1248 | D:2      | HP: 1/34 [hobgoblin (5)]
  1250 | D:2      | Slain by a hobgoblin

Skill      XL: |  1  2  3 |
---------------+----------+-----
Throwing       | 2 |  2.0
Axes           | 3 |  3.4
Dodging        | 3 |  3.2
Armour         | 1 |  1.0
Fighting       | |  2.7

Action                   |  1- 3 |  4- 6 || total
-------------------------+-------+-------++-------
Melee: War axe           |    87 |     4 ||    91
       Headbutt          |    13 |     1 ||    14
  Use: Potion            |       |     1 ||     1
Armor: Leather armour    |    21 |     2 ||    23
Dodge: Dodged            |    78 |    10 ||    88
